 Dungeon Crawl Stone Soup version 0.22-a0-419-g492bfec (webtiles) character file.

47 Mgcat the Skirmisher (level 3, -3/32 (33) HPs)
             Began as a Ghoul Fighter on May 15, 2018.
             Slain by Natasha (4 damage)
             ... on level 2 of the Dungeon.
             The game lasted 00:01:45 (1006 turns).

Mgcat the Skirmisher (Ghoul Fighter)                Turns: 1006, Time: 00:01:46

HP:   -3/32 (33)    AC:  6    Str: 19    XL:     3   Next: 70%
MP:   2/2           EV:  7    Int:  4    God:
Gold: 87            SH:  8    Dex:  8    Spells: 2/2 levels left

rFire    . . .     SeeInvis .     - Unarmed
rCold    + . .     Gourm    .   b - +0 shield
rNeg     + + +     Faith    .   a - +0 scale mail
rPois    ∞         Spirit   .   (no helmet)
rElec    .         Reflect  .   (no cloak)
rCorr    .         Harm     .   (no gloves)
MR       .....                  (no boots)
Stlth    ..........             (no amulet)
HPRegen  0.00/turn              q - ring of loudness (curse) {Stlth-}
MPRegen  0.08/turn              (no ring)

@: rotting
A: rotting body, claws 1, carnivore, cold resistance 1, negative energy
resistance 3, inhibited regeneration, torment resistance, unbreathing
a: no special abilities


You were on level 2 of the Dungeon.
You were not hungry.

You visited 1 branch of the dungeon, and saw 2 of its levels.

You collected 87 gold pieces.

Inventory:

Hand Weapons
 e - a +0 short sword
   (You took it off a kobold on level 1 of the Dungeon)
 f - a +0 dagger
   (You took it off a goblin on level 1 of the Dungeon)
 i - a +0 club
   (You took it off a kobold on level 1 of the Dungeon)
 m - a cursed -2 club
   (You took it off a hobgoblin on level 1 of the Dungeon)
 n - a +0 dagger
   (You took it off a kobold on level 1 of the Dungeon)
Armour
 a - a +0 scale mail (worn)
 b - a +0 shield (worn)
Jewellery
 q - a cursed ring of loudness (left claw) {Stlth-}
   (You found it on level 2 of the Dungeon)
Scrolls
 g - a scroll of fog {unknown}
 h - a scroll of remove curse {unknown}
 l - 4 scrolls of teleportation {unknown}
 p - 2 scrolls of identify {unknown}
Potions
 c - a potion of might
 k - a potion of curing {unknown}
 o - a potion of haste {unknown}
 r - a potion of mutation {unknown}
Comestibles
 d - 2 rations
 j - 5 chunks of flesh {@w0}


   Skills:
 + Level 4.2 Fighting
 - Level 2.6 Armour
 - Level 2.6 Shields
 + Level 3.4 Unarmed Combat


You had 2 spell levels left.
You didn't know any spells.
Your spell library was empty.

Dungeon Overview and Level Annotations

Branches:
Dungeon (2/15)

Altars:

Annotations:
D:2 Natasha


Innate Abilities, Weirdness & Mutations

Your body is rotting away.
You thrive on raw meat.
You are immune to poison.
You have sharp fingernails.
You are carnivorous and can eat meat at any time.
Your flesh is cold resistant. (rC+)
You are immune to negative energy. (rN+++)
You do not regenerate when monsters are visible.
You are immune to unholy pain and torment.
You can survive without breathing.


Message History

You block the adder's attack.
You scratch the adder but do no damage.
The adder is severely wounded.
The adder bites you. x2
You are too injured to fight recklessly!
You are too injured to fight recklessly!
You are too injured to fight recklessly!
You are too injured to fight recklessly!
You are too injured to fight recklessly!
You closely miss the adder.
The adder is severely wounded.
You block the adder's attack.
You scratch the adder but do no damage.
The adder is severely wounded.
You block the adder's attack.
You claw the adder!
You kill the adder!
You see here an adder corpse.
Some of the chunks of flesh in your inventory have rotted away.
Some of the chunks of flesh in your inventory have rotted away.
You butcher the adder corpse.
j - 6 chunks of flesh {@w0} (gained 2)
q - a small copper ring Put on which piece of jewellery? (? for menu, Esc to quit)
Oops, that ring feels deathly cold.
q - a cursed ring of loudness (left claw)
A quokka comes into view.
You see here a viscous pink potion.
A quokka is nearby!
No target in view!
No target in view!
No target in view!
You see here a viscous pink potion.
The quokka bites you but does no damage.
You miss the quokka. The quokka closely misses you.
You barely miss the quokka. You block the quokka's attack.
You barely miss the quokka. The quokka bites you. x2
You are too injured to fight recklessly!
You are too injured to fight recklessly!
You are too injured to fight recklessly!
You are too injured to fight recklessly!
You are too injured to fight recklessly!
You are too injured to fight recklessly!
You completely miss the quokka. The quokka bites you.
You closely miss the quokka.
The quokka bites you but does no damage.
You claw the quokka!
You kill the quokka!
You feel your flesh rotting away.
Eating one of 6 chunks of flesh {@w0}.
You eat one of the 6 chunks of flesh {@w0}.
You feel more resilient.
This raw flesh tastes great!
r - a viscous pink potion You now have 87 gold pieces (gained 12).
You see here a club.
A bat comes into view.
You block the bat's attack.
You claw the bat!
You kill the bat!
No target in view!
No target in view!
Marking area around Natasha as unsafe for travelling.
Natasha, Servant of Life and Death comes into view.
Natasha hisses angrily.
Natasha claws you.
Unknown command.
You barely miss Natasha. Natasha claws you but does no damage.
You scratch Natasha.
Natasha is moderately wounded.
Natasha claws you!
You are too injured to fight recklessly!
You are too injured to fight recklessly!
You are too injured to fight recklessly!
You are too injured to fight recklessly!
You scratch Natasha.
Natasha is severely wounded.
Natasha claws you.
You closely miss Natasha.
Natasha is severely wounded.
You block Natasha's attack.
You scratch Natasha but do no damage.
Natasha is severely wounded.
Natasha claws you!
You closely miss Natasha.
Natasha is severely wounded.
Natasha casts a spell at you. The magic dart hits you!
* * * LOW HITPOINT WARNING * * *
You barely miss Natasha.
Natasha is severely wounded.
You feel your flesh rotting away. Natasha claws you.
* * * LOW HITPOINT WARNING * * *
You closely miss Natasha.
Natasha is severely wounded.
You block Natasha's attack.
You closely miss Natasha.
Natasha is severely wounded.
Natasha claws you.
You die...

#########
#.......#######
#.............#
.###.#.#####.# #.#
#.# . #)#####@#
#.#####.##....h..#
#.......##.##.##.#
#.......##.##.# .#
#####......##.# .#
#......##.# .#
#......##.##.#
#............#
#.....###..#.#


You could see Natasha.

Vanquished Creatures
  An adder (D:2)
  2 dart slugs
  A giant cockroach (D:1)
  7 goblins
  2 hobgoblins (D:1)
  A quokka (D:2)
  4 bats
  A frilled lizard (D:1)
  10 kobolds
  3 rats
32 creatures vanquished.

Vanquished Creatures (others)
  A dart slug (D:2)
1 creature vanquished.

Grand Total: 33 creatures vanquished

Notes
Turn   | Place    | Note
-------+----------+-------------------------------------------
     0 | D:1      | Mgcat the Ghoul Fighter began the quest for the Orb.
     0 | D:1      | Reached XP level 1. HP: 19/19 MP: 0/0
   110 | D:1      | Reached XP level 2. HP: 11/26 MP: 1/1
   609 | D:1      | Reached skill level 3 in Unarmed Combat
   665 | D:1      | Reached XP level 3. HP: 33/33 MP: 2/2
   691 | D:1      | Reached skill level 4 in Fighting
   997 | D:2      | Noticed Natasha
  1003 | D:2      | HP: 7/33 [Natasha/magic dart (5)]
  1004 | D:2      | HP: 1/32 [Natasha (6)]
  1006 | D:2      | Slain by Natasha

Vault maps used:
D:1:      minmay_arrival_cross
D:2:      lemuel_flame_loot_1, uniq_natasha

Skill      XL: |  1  2  3 |
---------------+----------+-----
Unarmed Combat | 3 |  3.4
Fighting       | 4 |  4.2
Armour         | |  2.6
Shields        | |  2.6

Action                   || total
-------------------------++-------
Melee: Unarmed           ||   118
  Eat: Chunk             ||     2
Armor: Scale mail        ||    37
Dodge: Dodged            ||    30
Block: Shield            ||    38

Table legend:
 A = Spawn XP
 B = Non-spawn XP
 C = Spawn XP percentage of total XP
 D = Spawn monster count
 E = Non-spawn monster count
 F = Spawn count percentage of total count
 G = Total turns spent on level
                    A         B        C        D         E        F      G
               +---------+---------+-------+---------+---------+-------+---------
         Total |       0 |      68 |   0.0 |       0 |      32 |   0.0 |  1006
               +---------+---------+-------+---------+---------+-------+---------
           D:1 |       0 |      36 |   0.0 |       0 |      21 |   0.0 |   788
           D:2 |       0 |      32 |   0.0 |       0 |      11 |   0.0 |   218
               +---------+---------+-------+---------+---------+-------+---------

Vault maps used:
D:1:      minmay_arrival_cross
D:2:      lemuel_flame_loot_1, uniq_natasha

Table legend:
 A = Turns spent in this place as a percentage of turns spent in the entire game.
 B = Non-inter-level travel turns spent in this place as a percentage of non-inter-level travel turns spent in the entire game.
 C = Inter-level travel turns spent in this place as a percentage of turns spent in this place.
 D = Turns resting spent in this place as a percentage of non-inter-level travel turns spent in this place.
 E = Turns spent auto-exploring this place as a percentage of non-inter-level travel turns spent in this place.
 F = Non-inter-level travel turns spent in this place divided by the number of levels of this place that you've seen.
                   A       B       C       D       E      F
               +-------+-------+-------+-------+-------+----------------------
         Total | 100.0 | 100.0 |   2.7 |   0.0 |  77.0 | 489.5
       Dungeon | 100.0 | 100.0 |   2.7 |   0.0 |  77.0 | 489.5
               +-------+-------+-------+-------+-------+----------------------

Table legend:
 A = Kills in this place as a percentage of kills in entire the game.
 B = Kills by you in this place as a percentage of kills by you in the entire game.
 C = Kills by friends in this place as a percentage of kills by friends in the entire game.
 D = Other kills in this place as a percentage of other kills in the entire game.
 E = Experience gained in this place as a percentage of experience gained in the entire game.
 F = Experience gained in this place divided by the number of levels of this place that you have seen.
                   A       B       C       D       E      F
               +-------+-------+-------+-------+-------+----------------------
         Total | 100.0 | 100.0 |   N/A |   N/A | 100.0 |  34.0
       Dungeon | 100.0 | 100.0 |   N/A |   N/A | 100.0 |  34.0
               +-------+-------+-------+-------+-------+----------------------
